AoeStats
← [CL] Al3jandr0.magn00

Nomad

504399023Analyzed
4v4 RM · 26d ago on Sep 5, 2026· 60m 39s· 8 players
Game mode
Random Map
Map size
231×231
Population
200
Speed
Normal
Resources
Standard
Victory
Conquest
Starting age
Dark Age
Ending age
Imperial Age
RankedLock teamsTeams togetherTeam positionsShared explorationLock speedFull tech treeHidden civsTurbo modeCheats
Victory
Defeat
🇨🇿 Burmese · Czechia
1548
+15
🇦🇷 Persians · Argentina
1483
+18
🇲🇽 Sicilians · Mexico
1479
+18
🇹🇼 Vietnamese · Taiwan
1433
+19
🇦🇷 Berbers · Argentina
1713
-26
🇦🇷 Spanish · Argentina
1486
-16
🇦🇷 Bulgarians · Argentina
1464
-15
🇦🇷 Hindustanis · Argentina
1420
-13
ZEK000
3:42 Loom
14:05 Feudal Age
18:26 Castle Age
17:00 Double-Bit Axe
17:06 Town Watch
20:40 Fletching
30:31 Bodkin Arrow
33:11 Wheelbarrow
35:17 Horse Collar
35:49 Bow Saw
40:08 Imperial Age
38:49 First Crusade
38:45 Scale Mail Armor
38:44 Stone Mining
39:51 Chain Mail Armor
39:47 Forging
40:08 Gold Mining
40:54 Stone Shaft Mining
40:17 Capped Ram
42:06 Plate Mail Armor
41:41 Siege Ram
43:02 Iron Casting
45:31 Blast Furnace
44:29 Pikeman
44:59 Elite Serjeant
46:23 Bracer
58:02 Onager
200_Darth Vader_Arg
11:02 Loom
18:15 Feudal Age
22:51 Castle Age
21:56 Double-Bit Axe
23:51 Bow Saw
23:37 Fishing Lines
34:15 Fletching
36:06 Bodkin Arrow
51:00 Imperial Age
52:05 Gold Mining
54:10 Pikeman
54:51 Scale Mail Armor
55:14 Squires
55:17 Halberdier
56:21 Chain Mail Armor
57:56 Forging
58:16 Plate Mail Armor
Simonz
7:05 Loom
14:10 Feudal Age
17:46 Castle Age
17:33 Fletching
18:44 Medium Warships
18:58 Bodkin Arrow
23:21 Town Watch
24:05 Horse Collar
28:01 Wheelbarrow
31:51 Clinker Construction
31:53 Careening
32:54 Ballistics
36:41 Imperial Age
38:31 Chemistry
38:05 Heavy Warships
38:55 Conscription
39:44 Bracer
39:58 Masonry
40:41 Manipur Cavalry
42:34 Elite Arambai
43:52 Husbandry
44:03 Bloodlines
43:54 Padded Archer Armor
45:47 Heavy Plow
46:19 Architecture
49:09 Gold Mining
48:51 Pikeman
49:32 Squires
49:33 Scale Mail Armor
49:23 Halberdier
51:04 Chain Mail Armor
51:00 Forging
52:17 Plate Mail Armor
53:16 Iron Casting
JINJIN
4:24 Loom
14:08 Feudal Age
19:57 Castle Age
18:12 Double-Bit Axe
18:56 Stone Mining
18:59 Gold Mining
18:59 Fishing Lines
22:50 Medium Warships
23:18 Bow Saw
23:47 Wheelbarrow
24:14 Ballistics
28:29 Imperial Age
27:38 Fletching
28:28 Bodkin Arrow
29:15 Padded Archer Armor
35:45 Chemistry
39:04 Thumb Ring
39:24 Hand Cart
39:56 Bracer
40:12 Leather Archer Armor
41:42 Paper Money
41:58 Elite Rattan Archer
44:09 Ring Archer Armor
45:18 Bloodlines
45:09 Husbandry
45:45 Elite Battle Elephant
50:03 Chatras
50:15 Forging
50:11 Scale Barding Armor
52:03 Chain Barding Armor
52:19 Iron Casting
53:02 Devotion
53:19 Murder Holes
54:15 Hoardings
61:14 Plate Barding Armor
__24_Thorfin_Arg
5:20 Loom
14:12 Feudal Age
15:54 Forging
22:12 Castle Age
20:40 Horse Collar
20:48 Double-Bit Axe
21:27 Gold Mining
24:00 Bow Saw
28:33 Iron Casting
29:40 Bloodlines
29:33 Town Watch
30:24 Wheelbarrow
30:34 Scale Barding Armor
31:39 Chain Barding Armor
34:32 Hand Cart
38:45 Imperial Age
37:58 Husbandry
38:05 Scale Mail Armor
37:57 Fletching
38:32 Heavy Plow
39:09 Gold Shaft Mining
38:36 Town Patrol
39:05 Bodkin Arrow
40:11 Plate Barding Armor
40:37 Blast Furnace
40:00 Conscription
41:06 Two-Man Saw
40:23 Heavy Camel Rider
41:06 Bracer
41:49 Imperial Camel Rider
44:30 Shatagni
45:07 Hoardings
46:00 Chemistry
45:15 Masonry
44:56 Light Cavalry
46:13 Chain Mail Armor
46:45 Thumb Ring
54:05 Elite Skirmisher
_29_3ffect_Arg
4:49 Loom
13:49 Feudal Age
16:09 Double-Bit Axe
18:17 Forging
18:56 Fishing Lines
24:12 Castle Age
22:59 Gold Mining
24:18 Fletching
25:14 Medium Warships
25:36 Bow Saw
30:58 Wheelbarrow
31:42 Bodkin Arrow
31:40 Gillnets
37:56 Imperial Age
38:04 Capped Ram
38:57 Bracer
41:50 Stone Mining
41:53 Town Watch
45:42 Heavy Scorpion
45:50 Heavy Scorpion
[CL] Al3jandr0.magn00
3:43 Loom
13:38 Feudal Age
14:58 Town Watch
17:46 Castle Age
16:00 Horse Collar
16:47 Double-Bit Axe
16:53 Fletching
36:32 Wheelbarrow
47:33 Imperial Age
49:27 Chemistry
51:43 Scale Barding Armor
51:49 Forging
53:18 Chain Barding Armor
52:59 Scale Mail Armor
53:36 Iron Casting
52:50 Cavalier
53:41 Bloodlines
55:05 Plate Barding Armor
__87_KeepeR_Arg
12:53 Loom
15:01 Feudal Age
17:27 Feudal Age
21:39 Castle Age
19:43 Fishing Lines
20:56 Double-Bit Axe
22:34 Wheelbarrow
23:23 Bow Saw
23:18 Padded Archer Armor
32:17 Hand Cart
32:32 Fletching
33:31 Hand Cart
33:02 Town Watch
37:10 Imperial Age
35:14 Gillnets
36:39 Horse Collar
40:12 Leather Archer Armor
40:34 Conscription
42:12 Hoardings
43:39 Ring Archer Armor
43:27 Scale Barding Armor
45:16 Bloodlines
44:27 Cavalier
45:09 Husbandry
45:31 Chain Barding Armor
45:22 Forging
45:26 Heavy Plow
45:39 Guilds
47:33 Paladin
49:34 Plate Barding Armor
49:35 Iron Casting
51:45 Blast Furnace
52:50 Gold Mining
52:40 Light Cavalry
54:51 Hussar
57:05 Elite Conquistador
58:36 Bodkin Arrow
Connection lost

Rejoining the realm…

Still unreachable

The connection could not be restored.

Session expired

The server has moved on; the page needs a fresh start.